Lorskel, lawful male human Samurai --------################################################# |......-# #--------------------------------# # |......| #|..............................|# ### ----------- |.......# #|(-------|-------------..-----.|#######..........| |.<....|##############%.|....|..|...|....|..|..|.((|.|# ###|.........| |......+# #|.|....|..|...|....|.%-..|.((|.|# #..........| --------# #|(--%-----|..)||------|..-.((|.|# |.........| # #|......|..|...|.|..|..|.-----|.|#######..........| # #|.----.|..|-|--.|..|..|.|....|.| ----------- ## #|.|..|.--|-..@d.--||..|(|.._.|.| #-------- #|.|..-.......@@..)@-|--.-..(.|.| #|......| #|.|----|--.-----|-.)....|....|.| #|......| #|.|((|...|.|..|.)|--|--------|.| #..>.....######|.|((|(((|.+..|)(|....|#.|...|.| -------- |.|..|(((|.---|%%|....|..|...-.| |.--|-----....---------|------.| |....).........................| -------------------------------- Lorskel the Ninja Experience level: 8 Strength: 17 Dexterity: 15 Constitution: 17 Intelligence: 10 Wisdom: 9 Charisma: 9 Health: 0(72) Energy: 28(28) AC: 2 Gold: 582 Moves: 2438 Your Inventory: Coins $ - 582 gold pieces Weapons a - an uncursed +0 katana b - an uncursed +3 wakizashi (alternate weapon; not wielded) c - an uncursed +0 yumi d - 35 uncursed +0 ya (in quiver) x - a blessed rustproof [+0] long sword named Excalibur [Excalibur] D - a blessed [+1] dwarvish mattock L - a blessed rustproof [+1] katana of reflection (weapon in hand) Armor p - an uncursed +0 elven cloak (being worn) q - an uncursed +0 pair of kicking boots (being worn) z - a cursed [-1] elven leather helm [of cold resistance] E - a [blessed] +0 dwarvish mithril-coat (being worn) Comestibles h - 6 uncursed gunyoki G - a cursed Hot Futa Mare Dick Scrolls F - a blessed scroll labeled PHOL ENDE WODAN [of teleportation] H - a cursed scroll of magic mapping Potions I - a cursed indigo potion [of see invisible] J - a cursed potion of oil Rings u - an uncursed tiger eye ring [of cold resistance] B - a cursed [+1] bronze ring [of gain strength] Wands j - a blessed wand of polymorph (0:5) s - an uncursed wand of magic missile (0:0) A - an uncursed wand of magic missile (0:0) Tools m - an uncursed oil lamp (0:1173) n - an uncursed skeleton key v - an uncursed [tallow] candle w - an uncursed bag [oilskin sack] y - an uncursed leash C - an uncursed bag [sack] Spells known in the end: Name Level Category Fail Memory Your skills at the end: Fighting Skills martial arts [Basic / Master] Weapon Skills short sword [Basic / Expert] long sword [Skilled / Expert] bow [Basic / Expert] Spellcasting Skills Final Attributes: You were piously aligned. Hunger level was 117. Your alignment was 22 / 22. Monster difficulty range was 1 - 8. Level difficulty was 8. You were stealthy. You were fast. You had reflection. Your luck was zero. You are dead. Vanquished creatures: a small mimic a watchman a gnome king a lizard 3 chickatrices a jaguar a Woodland-elf 2 soldier ants 2 Uruk-hai a fog cloud a yellow light 6 gnome lords a red naga hatchling 3 giant ants 4 dwarves a kobold lord 3 rothes 3 monkeys a dwarf zombie an iguana an acid blob a coyote 2 hobbits a yellow mold 29 gnomes 3 garter snakes 2 geckos 5 jackals a fox 2 goblins 3 grid bugs 4 bats a lichen 2 newts 95 creatures vanquished. Voluntary challenges: You used a wielded weapon 115 times. You read items or engraved 6 times. You put on armor 5 times. You never genocided any monsters. You never polymorphed an object. You never changed form. You used no wishes. You never wrote Elbereth's name. You encountered 1 bones level. You never used any Sokoban shortcuts. Dungeon overview: The Dungeons of Doom: levels 1 to 4 Level 1 a fountain a long staircase Level 2 some fountains Level 3 an armor shop, some fountains Level 4 a general store stairs to The Gnomish Mines The Gnomish Mines: levels 5 to 8 Level 5 stairs to The Dungeons of Doom Level 7 <- You were here many shops, a temple to Amaterasu Omikami, a magic chest, a fountain, a sink History has recorded: On T:1 you entered the Dungeons of Doom to retrieve the Amulet of Yendor! On T:207 you reached level 2 of The Dungeons of Doom. On T:468 you reached level 3 of The Dungeons of Doom. On T:735 you advanced to experience level 2. On T:972 you advanced to experience level 3. On T:1009 you reached level 4 of The Dungeons of Doom. On T:1054 you advanced to experience level 4. On T:1147 you reached level 1 of The Gnomish Mines. On T:1170 you advanced to experience level 5. On T:1317 you advanced to experience level 6. On T:1491 you reached level 2 of The Gnomish Mines. On T:1736 you reached level 3 of The Gnomish Mines. On T:1780 you advanced to experience level 7. On T:1846 you advanced to experience level 8. On T:2192 you reached level 4 of The Gnomish Mines. On T:2280 you received a rustproof katana of reflection from Amaterasu Omikami. Latest messages: [HP+1=69] The watchman throws a shito! You are almost hit by a shito. The watchman throws a shito! The shito misses the watch captain. You are almost hit by a shito. [HP+1=70] The watch captain swings his long sword. The watch captain hits! The watch captain swings his long sword. The watch captain hits! [HP-11=59] The watch captain swings his long sword. The watch captain hits! The watch captain swings his long sword. The watch captain hits! The watchman hits! [HP-39=20] The watch captain swings his long sword. The watch captain hits! The watch captain swings his long sword. The watch captain hits! You die... The oilskin sack is empty. The sack is empty. Final status: Sayonara Lorskel the Samurai... You died in The Gnomish Mines on dungeon level 8 with 5306 points, and 582 pieces of gold, after 2438 moves. You were level 8 with a maximum of 72 hit points when you died.